2808 views
Uploaded 2019-12-07 16:46:49
Game version 1.32.0.3 / 1.32.0.3.1
9:11 long 2on2 ladder game on (4)TwistedMeadows
Saved by BEARAND
2808 views
Uploaded 2019-12-07 16:46:49
Game version 1.32.0.3 / 1.32.0.3.1
9:11 long 2on2 ladder game on (4)TwistedMeadows


35 units @ 4k
/ 0.2k
20 buildings @ 3.2k
/ 1.2k

| Wisp | 14 | 840 | / | 0 |
| Archer | 4 | 520 | / | 40 |
| Huntress | 6 | 1170 | / | 120 |
| total: | 24 | 2530g | / | 160w |
| Ancient Protector | 2 | 270 | / | 160 |
| Ancient of War | 1 | 150 | / | 60 |
| Altar of Elders | 1 | 180 | / | 50 |
| Moon Well | 3 | 540 | / | 120 |
| Hunter's Hall | 1 | 210 | / | 100 |
| Tree of Ages | 1 | 320 | / | 180 |
| total: | 8 | 1350g | / | 490w |
| 0:03 | Wisp |
| 0:05 | Wisp |
| 0:10 | Ancient of War |
| 0:17 | Altar of Elders |
| 0:29 | Wisp |
| 0:50 | Wisp |
| 1:13 | Archer |
| 1:21 | Moon Well |
| 2:02 | Moon Well |
| 2:27 | Archer |
| 2:44 | Hunter's Hall |
| 3:16 | Searing Arrows |
| 3:31 | Wisp |
| 3:32 | Archer |
| 3:57 | Huntress |
| 4:08 | Wisp |
| 4:11 | Wisp |
| 4:28 | Huntress |
| 4:33 | Archer |
| 5:07 | Huntress |
| 5:21 | Wisp |
| 5:22 | Wisp |
| 5:22 | Wisp |
| 5:33 | Ancient Protector |
| 5:58 | Moon Well |
| 6:09 | Wisp |
| 6:49 | Ancient Protector |
| 6:54 | Wisp |
| 6:56 | Huntress |
| 7:01 | Wisp |
| 7:01 | Wisp |
| 7:19 | Huntress |
| 7:20 | Huntress |
| 8:59 | Tree of Ages |
| Right click | 266 |
| Select | 113 |
| Chat | 68 |
| Build/train/purchase | 30 |
| Use ability | 7 |
| Assign group | 2 |
| Select group | 2 |
| Misc. action | 1 |


| Rod of Necromancy | 1 | 150 |
| Dust of Appearance | 3 | 225 |
| Staff of Teleportation | 2 | 300 |
| total: | 6 | 675g |
| Acolyte | 2 | 150 | / | 0 |
| Ghoul | 7 | 840 | / | 0 |
| Meat Wagon | 1 | 230 | / | 50 |
| Obsidian Statue | 1 | 200 | / | 35 |
| total: | 11 | 1420g | / | 85w |
| Nerubian Tower | 1 | 100 | / | 20 |
| Crypt | 1 | 200 | / | 50 |
| Altar of Darkness | 1 | 180 | / | 50 |
| Ziggurat | 5 | 750 | / | 250 |
| Tomb of Relics | 2 | 260 | / | 60 |
| Graveyard | 1 | 215 | / | 0 |
| Slaughterhouse | 2 | 280 | / | 270 |
| Halls of the Dead | 1 | 320 | / | 210 |
| total: | 12 | 1885g | / | 680w |
| 0:03 | Acolyte |
| 0:03 | Acolyte |
| 0:09 | Crypt |
| 0:13 | Altar of Darkness |
| 0:34 | Ziggurat |
| 1:00 | Tomb of Relics |
| 1:02 | Tomb of Relics |
| 1:19 | Ghoul |
| 1:28 | Ghoul |
| 1:30 | Ziggurat |
| 1:43 | Ghoul |
| 1:53 | Ghoul |
| 2:20 | Backpack |
| 2:23 | Rod of Necromancy |
| 2:24 | Dust of Appearance |
| 2:27 | Death Coil |
| 2:56 | Halls of the Dead |
| 3:14 | Graveyard |
| 3:45 | Ghoul |
| 3:47 | Ziggurat |
| 3:53 | Nerubian Tower |
| 5:33 | Ghoul |
| 5:36 | Slaughterhouse |
| 5:38 | Slaughterhouse |
| 5:46 | Ghoul |
| 6:38 | Unholy Aura |
| 6:45 | Meat Wagon |
| 6:48 | Ziggurat |
| 6:49 | Ziggurat |
| 6:52 | Frost Nova |
| 7:19 | Staff of Teleportation |
| 7:19 | Dust of Appearance |
| 7:19 | Staff of Teleportation |
| 7:19 | Dust of Appearance |
| 8:40 | Obsidian Statue |
| Right click | 607 |
| Assign group | 512 |
| Select group | 291 |
| Select | 152 |
| Chat | 90 |
| Build/train/purchase | 38 |
| Use ability | 9 |
| Minimap ping | 8 |
| Misc. action | 6 |
29 units @ 2.2k
/ 0k
56 buildings @ 3.8k
/ 1.7k


| Boots of Speed | 1 | 250 |
| Staff of Teleportation | 3 | 450 |
| Healing Salve | 1 | 100 |
| total: | 5 | 800g |
| Peasant | 17 | 1275 | / | 0 |
| total: | 17 | 1275g | / | 0w |
| Scout Tower | 35 | 1050 | / | 700 |
| Arcane Tower | 1 | 70 | / | 50 |
| Guard Tower | 18 | 1260 | / | 900 |
| Altar of Kings | 1 | 180 | / | 50 |
| Farm | 3 | 240 | / | 60 |
| Lumber Mill | 1 | 120 | / | 0 |
| Keep | 2 | 640 | / | 420 |
| total: | 40 | 1590g | / | 810w |
| 0:01 | Peasant |
| 0:02 | Peasant |
| 0:09 | Altar of Kings |
| 0:18 | Farm |
| 0:24 | Peasant |
| 0:41 | Peasant |
| 0:42 | Peasant |
| 0:48 | Lumber Mill |
| 0:51 | Farm |
| 1:00 | Peasant |
| 1:04 | Scout Tower |
| 1:13 | Peasant |
| 1:22 | Scout Tower |
| 1:29 | Scout Tower |
| 1:31 | Peasant |
| 1:36 | Arcane Tower |
| 1:38 | Peasant |
| 1:44 | Peasant |
| 1:52 | Peasant |
| 2:09 | Summon Water Elemental |
| 2:12 | Guard Tower |
| 2:13 | Scout Tower |
| 2:13 | Scout Tower |
| 2:19 | Scout Tower |
| 2:19 | Scout Tower |
| 2:39 | Guard Tower |
| 2:50 | Guard Tower |
| 3:05 | Guard Tower |
| 3:12 | Scout Tower |
| 3:16 | Peasant |
| 3:16 | Peasant |
| 3:39 | Guard Tower |
| 3:50 | Keep |
| 3:51 | Farm |
| 3:52 | Guard Tower |
| 3:53 | Scout Tower |
| 3:54 | Scout Tower |
| 3:54 | Scout Tower |
| 3:55 | Scout Tower |
| 4:14 | Boots of Speed |
| 4:14 | Staff of Teleportation |
| 4:20 | Staff of Teleportation |
| 4:20 | Staff of Teleportation |
| 4:33 | Improved Masonry |
| 5:04 | Guard Tower |
| 5:05 | Scout Tower |
| 5:06 | Scout Tower |
| 5:07 | Scout Tower |
| 5:07 | Scout Tower |
| 5:07 | Scout Tower |
| 5:08 | Scout Tower |
| 5:20 | Healing Salve |
| 5:58 | Guard Tower |
| 6:22 | Scout Tower |
| 6:23 | Scout Tower |
| 6:24 | Scout Tower |
| 6:24 | Scout Tower |
| 6:25 | Scout Tower |
| 6:25 | Scout Tower |
| 6:26 | Scout Tower |
| 6:26 | Scout Tower |
| 6:27 | Scout Tower |
| 6:27 | Scout Tower |
| 6:28 | Scout Tower |
| 6:28 | Scout Tower |
| 6:49 | Scout Tower |
| 7:06 | Guard Tower |
| 7:07 | Scout Tower |
| 7:19 | Guard Tower |
| 7:27 | Guard Tower |
| 7:28 | Guard Tower |
| 7:33 | Guard Tower |
| 7:35 | Scout Tower |
| 7:37 | Guard Tower |
| 7:38 | Guard Tower |
| 7:44 | Storm Bolt |
| 8:20 | Peasant |
| 8:20 | Peasant |
| 8:20 | Peasant |
| 8:21 | Advanced Masonry |
| 8:35 | Guard Tower |
| 8:39 | Peasant |
| 9:03 | Scout Tower |
| 9:04 | Scout Tower |
| Right click | 858 |
| Select | 209 |
| Build/train/purchase | 66 |
| Select group | 63 |
| Chat | 49 |
| Assign group | 14 |
| Misc. action | 9 |
| Use ability | 8 |
| Item give/drop | 1 |
| Minimap ping | 1 |


| Healing Salve | 2 | 200 |
| Lesser Clarity Potion | 2 | 140 |
| Boots of Speed | 1 | 250 |
| Staff of Teleportation | 1 | 150 |
| total: | 6 | 740g |
| Peon | 12 | 900 | / | 0 |
| total: | 12 | 900g | / | 0w |
| Watch Tower | 8 | 880 | / | 640 |
| Altar of Storms | 1 | 180 | / | 50 |
| Orc Burrow | 3 | 480 | / | 120 |
| War Mill | 1 | 205 | / | 0 |
| Voodoo Lounge | 2 | 260 | / | 60 |
| Barracks | 1 | 180 | / | 50 |
| Stronghold | 1 | 315 | / | 190 |
| Fortress | 1 | 325 | / | 190 |
| total: | 16 | 2185g | / | 920w |
| 0:02 | Peon |
| 0:02 | Peon |
| 0:06 | Altar of Storms |
| 0:18 | Orc Burrow |
| 0:20 | Peon |
| 0:33 | Peon |
| 0:48 | War Mill |
| 0:59 | Peon |
| 1:10 | Voodoo Lounge |
| 1:15 | Peon |
| 1:23 | Peon |
| 1:39 | Orc Burrow |
| 1:48 | Peon |
| 1:54 | Peon |
| 2:08 | Wind Walk |
| 2:14 | Healing Salve |
| 2:19 | Watch Tower |
| 2:21 | Lesser Clarity Potion |
| 2:28 | Peon |
| 2:39 | Watch Tower |
| 3:17 | Watch Tower |
| 3:32 | Peon |
| 3:32 | Peon |
| 3:38 | Watch Tower |
| 3:51 | Boots of Speed |
| 3:56 | Staff of Teleportation |
| 4:32 | Stronghold |
| 5:28 | Watch Tower |
| 5:31 | Watch Tower |
| 5:34 | Orc Burrow |
| 5:45 | Voodoo Lounge |
| 6:13 | Critical Strike |
| 6:20 | Watch Tower |
| 6:47 | Watch Tower |
| 7:15 | Healing Salve |
| 7:18 | Lesser Clarity Potion |
| 7:58 | Hex |
| 8:31 | Barracks |
| 8:32 | Fortress |
| 8:39 | Wind Walk |
| Right click | 686 |
| Select | 172 |
| Chat | 60 |
| Build/train/purchase | 38 |
| Misc. action | 30 |
| Select group | 20 |
| Use ability | 12 |
| Resource trade | 5 |
| Assign group | 3 |
โ